 Dungeon Crawl Stone Soup version 0.21.1-1-g345015f (webtiles) character file.

212 Fang the Skirmisher (level 5, 0/34 HPs)
             Began as a Gargoyle Berserker on May 31, 2018.
             Was a Believer of Trog.
             Killed by divine providence
             ... invoked by an orc priest
              (13 damage)
             ... on level 3 of the Dungeon.
             The game lasted 00:03:35 (2410 turns).

Fang the Skirmisher (Gargoyle Berserker)            Turns: 2410, Time: 00:03:35

Health: 0/34       AC:  6    Str: 21    XL:     5   Next: 89%
Magic:  5/5        EV: 12    Int:  8    God:    Trog [**....]
Gold:   162        SH:  0    Dex:  9    Spells: 4/4 levels left

rFire    . . .     SeeInvis .   a - +0 hand axe
rCold    . . .     Gourm    .   (no shield)
rNeg     + . .     Faith    .   b - +0 animal skin
rPois    ∞         Spirit   .   (no helmet)
rElec    +         Reflect  .   (no cloak)
rCorr    .         Harm     .   (no gloves)
MR       +....                  (no boots)
Stlth    +++.......             (no amulet)
HPRegen  0.11/turn              g - ring of protection from magic
MPRegen  0.09/turn              m - ring of stealth

@: no status effects
A: negative energy resistance 1, electricity resistance, unbreathing,
petrification resistance, rot immunity, AC +4
a: Berserk, Trog's Hand, Burn Spellbooks, Renounce Religion


You were on level 3 of the Dungeon.
You worshipped Trog.
Trog was pleased with you.
You were hungry.

You visited 1 branch of the dungeon, and saw 3 of its levels.

You collected 162 gold pieces.

Inventory:

Hand Weapons
 a - a +0 hand axe (weapon)
Armour
 b - a +0 animal skin (worn)
Jewellery
 g - a ring of protection from magic (left hand)
 h - an uncursed ring of magical power
 m - a ring of stealth (right hand)
 r - an uncursed ring of protection from magic
Scrolls
 n - 3 scrolls of identify
 p - a scroll of teleportation
 s - 2 scrolls of fog
Potions
 d - a potion of haste {unknown}
 e - a potion of brilliance
 i - 3 potions of ambrosia {unknown}
 j - 2 potions of lignification {unknown}
 k - 2 potions of berserk rage {unknown}
 l - a potion of heal wounds {unknown}
 o - 3 potions of flight {unknown}
Books
 q - a book of Minor Magic

   Spells                             Type                      Level
   a - Magic Dart                     Conjuration                  1
   b - Blink                          Translocation                2
   c - Call Imp                       Summoning                    2
   d - Slow                           Hexes                        2
   e - Conjure Flame                  Conjuration/Fire             3
   f - Mephitic Cloud                 Conjuration/Poison/Air       3
   Trog disapproves of the use of such an item.
Comestibles
 c - 6 rations


   Skills:
 + Level 4.4 Fighting
 + Level 4.4 Axes
 + Level 2.2 Armour
 + Level 2.2 Dodging
 + Level 2.0 Stealth


You had 4 spell levels left.
You didn't know any spells.

Dungeon Overview and Level Annotations

Branches:
Dungeon (3/15)

Altars:

Annotations:
D:3 antares's ghost, amateur OpCj


Innate Abilities, Weirdness & Mutations

You are resistant to torment.
Your stone body is resilient. (AC +4)
You are immune to poison.
You resist negative energy. (rN+)
You are resistant to electric shocks. (rElec)
You can survive without breathing.
You are immune to petrification.
You are immune to rotting.


Message History

The orc is almost dead.
The orc closely misses you.
You completely miss the orc.
The orc is almost dead.
The orc hits you but does no damage.
You hit the orc.
You kill the orc!
Trog accepts your kill.
You see here a club.
You start resting.
An orc comes into view. It is wielding a whip of pain.
An orc is nearby!
An orc is nearby!
You see here a club.
The orc shouts!
The orc shouts!
You see here a whip.
The orc priest mumbles some strange prayers to Beogh against you.
Beogh smites you!
You die...

#..#
#..##..#
#..##..#
#..##..##
##..##...##
#.....o....
#.#.##oo.##
.. #.##o###
## #.##@#
#o##)#
#.##.#
#.##.#
#.##.#
#..#)#
##...#
#####


You could see an orc priest and 3 orcs.

Vanquished Creatures
  2 orc wizards (D:3)
  Natasha (thrice) (D:2)
  A gnoll (D:1)
  An adder (D:2)
  2 worms
  A dart slug (D:2)
  3 leopard geckos
  4 orcs (D:3)
  3 bats
  2 giant cockroaches
  6 hobgoblins
  6 jackals (D:2)
  8 kobolds
  A ball python (D:2)
  5 frilled lizards
  5 goblins
  3 rats
56 creatures vanquished.

Notes
Turn   | Place    | Note
-------+----------+-------------------------------------------
     0 | D:1      | Fang the Gargoyle Berserker began the quest for the Orb.
     0 | D:1      | Reached XP level 1. HP: 14/14 MP: 1/1
     6 | D:1      | Noticed an anaconda
     6 | D:1      | Noticed a hog
     6 | D:1      | Noticed a redback
     6 | D:1      | Noticed a polar bear
    93 | D:1      | Reached XP level 2. HP: 12/20 MP: 2/2
   571 | D:1      | Reached XP level 3. HP: 23/24 MP: 3/3
  1364 | D:2      | Reached XP level 4. HP: 12/29 MP: 4/4
  1576 | D:2      | Noticed Natasha
  1579 | D:2      | Reached ** piety under Trog
  1590 | D:2      | Killed Natasha
  1590 | D:2      | Reached skill level 1 in Stealth
  1681 | D:2      | Noticed Natasha
  1695 | D:2      | Killed Natasha
  1820 | D:2      | Noticed Natasha
  1834 | D:2      | Killed Natasha
  1834 | D:2      | Reached XP level 5. HP: 33/33 MP: 5/5
  2331 | D:3      | Noticed antares's ghost (amateur OpCj)
  2410 | D:3      | Killed from afar by an orc priest

Skill      XL: |  1  2  3  4  5 |
---------------+----------------+-----
Axes           | 3 4 |  4.4
Fighting       | 4 |  4.4
Stealth        | 1 2 |  2.0
Dodging        | 2 |  2.2
Armour         | |  2.2

Action                   |  1- 3 |  4- 6 || total
-------------------------+-------+-------++-------
Melee: Hand axe          |   109 |   106 ||   215
Invok: Berserk           |     2 |     3 ||     5
  Use: Scroll            |       |     4 ||     4
 Stab: Sleeping          |     1 |     2 ||     3
       Distracted        |       |     1 ||     1
  Eat: Chunk             |     3 |     6 ||     9
Armor: Animal skin       |    35 |    32 ||    67
Dodge: Dodged            |    84 |    65 ||   149
